[ PARTIDA AOE2 · #507089903 ]
UnrankedTurcos vs Armenians
Equipo del jugador · VICT
Equipo rival · DERR
[ ANÁLISIS DE REPETICIÓN · EXTRAÍDO DE LA PARTIDA GRABADA ]
Feudal
9:07
Castillos
25:50
Imperial
—
| APM promedio | 67.6 |
| APM pico | 113 |
| eAPM promedio | 24.1 |
| Aldeanos / militares | 114 / 63 |
Foco
⚔️ 27.4% · 🌾 72.6%
Archer ×37 · Knight ×11 · Scout Cavalry ×7 · Janissary ×5 · Monk ×2 · Skirmisher ×1
Feudal
9:19
Castillos
33:59
Imperial
—
| APM promedio | 52.9 |
| APM pico | 95 |
| eAPM promedio | 30.6 |
| Aldeanos / militares | 70 / 63 |
Foco
⚔️ 37.4% · 🌾 62.6%
Militia ×28 · Skirmisher ×16 · Archer ×13 · Spearman ×5 · Monk ×1
Mapa de la partida
Recursos iniciales + cada clic de construcción. Líneas = muros · curvas = relieve. ◆ oro · ⬟ piedra · ● bayas · ✦ reliquia · ◌ hueco del cierre
Tu base· Abierta — el rival se encerró
Base de avlid· ✓ Cerrada en 33:59 · 70t muro · 2 puerta(s)
Terreno inicial suavizado · ◌ = hueco del cierre detectado · pasá el cursor para detalles
Inputs por minuto
— _Riley_ - - avlid
Build order — _Riley_
Primeras 150 de 298 acciones detectadas
| 0:00 | Crear | Villager (Male) |
| 0:01 | Crear | Villager (Male) |
| 0:01 | Crear | Villager (Male) |
| 0:02 | Construir | House |
| 0:02 | Construir | House |
| 0:07 | Crear | Villager (Male) |
| 1:28 | Crear | Villager (Male) |
| 1:58 | Crear | Villager (Male) |
| 2:00 | Construir | Lumber Camp |
| 2:18 | Crear | Villager (Male) |
| 2:50 | Crear | Villager (Male) |
| 3:08 | Crear | Villager (Male) |
| 3:37 | Crear | Villager (Male) |
| 4:04 | Crear | Villager (Male) |
| 4:17 | Crear | Villager (Male) |
| 4:22 | Construir | House |
| 4:31 | Investigar | Loom |
| 4:32 | Crear | Villager (Male) |
| 4:36 | Crear | Villager (Male) |
| 4:55 | Crear | Villager (Male) |
| 5:33 | Construir | Mill |
| 5:43 | Crear | Villager (Male) |
| 5:47 | Construir | House |
| 6:57 | Investigar | Feudal Age |
| 6:57 | Investigar | Feudal Age |
| 7:39 | Construir | Barracks |
| 7:44 | Construir | Palisade Wall |
| 7:46 | Construir | Palisade Wall |
| 7:47 | Construir | Palisade Wall |
| 7:57 | Construir | Palisade Wall |
| 7:58 | Construir | Palisade Wall |
| 8:29 | Crear | Villager (Male) |
| 9:07 | Edad | Edad Feudal |
| 9:08 | Construir | Stable |
| 9:11 | Crear | Villager (Male) |
| 9:15 | Investigar | Double-Bit Axe |
| 9:16 | Crear | Villager (Male) |
| 9:25 | Construir | House |
| 9:42 | Crear | Scout Cavalry |
| 9:42 | Crear | Scout Cavalry |
| 10:17 | Crear | Villager (Male) |
| 10:22 | Construir | House |
| 10:26 | Construir | Farm |
| 10:27 | Construir | Farm |
| 10:31 | Crear | Scout Cavalry |
| 10:39 | Construir | Palisade Wall |
| 10:40 | Construir | Palisade Wall |
| 10:52 | Crear | Villager (Male) |
| 11:18 | Crear | Scout Cavalry |
| 11:22 | Crear | Villager (Male) |
| 11:39 | Crear | Villager (Male) |
| 11:40 | Construir | Palisade Wall |
| 11:41 | Construir | Palisade Wall |
| 11:49 | Crear | Villager (Male) |
| 11:53 | Construir | Archery Range |
| 12:17 | Crear | Villager (Male) |
| 12:20 | Construir | Mining Camp |
| 12:26 | Construir | Palisade Wall |
| 12:29 | Construir | Palisade Wall |
| 12:42 | Construir | Lumber Camp |
| 12:44 | Crear | Villager (Male) |
| 12:54 | Crear | Archer |
| 12:56 | Crear | Villager (Male) |
| 13:12 | Construir | House |
| 13:17 | Construir | House |
| 13:18 | Construir | Palisade Wall |
| 13:26 | Crear | Villager (Male) |
| 13:34 | Construir | Lumber Camp |
| 13:36 | Crear | Skirmisher |
| 13:45 | Construir | House |
| 13:57 | Crear | Archer |
| 14:00 | Crear | Villager (Male) |
| 14:18 | Crear | Archer |
| 14:20 | Crear | Villager (Male) |
| 14:26 | Construir | Farm |
| 14:32 | Construir | House |
| 14:47 | Crear | Villager (Male) |
| 14:50 | Construir | Blacksmith |
| 14:56 | Crear | Archer |
| 15:31 | Construir | Archery Range |
| 15:35 | Crear | Archer |
| 15:39 | Investigar | Fletching |
| 15:46 | Crear | Archer |
| 15:53 | Crear | Scout Cavalry |
| 15:57 | Crear | Archer |
| 16:00 | Crear | Archer |
| 16:12 | Crear | Villager (Male) |
| 16:14 | Construir | Farm |
| 16:20 | Crear | Archer |
| 16:28 | Construir | House |
| 16:32 | Crear | Scout Cavalry |
| 16:32 | Crear | Archer |
| 16:41 | Crear | Archer |
| 16:52 | Crear | Villager (Male) |
| 16:54 | Construir | Farm |
| 17:00 | Crear | Archer |
| 17:11 | Crear | Archer |
| 17:26 | Crear | Archer |
| 17:36 | Crear | Villager (Male) |
| 17:39 | Crear | Archer |
| 17:49 | Crear | Archer |
| 17:52 | Crear | Villager (Male) |
| 17:53 | Construir | Farm |
| 17:55 | Construir | Farm |
| 17:56 | Construir | Farm |
| 17:58 | Crear | Archer |
| 18:11 | Crear | Archer |
| 18:24 | Crear | Archer |
| 18:34 | Crear | Archer |
| 18:40 | Crear | Villager (Male) |
| 18:41 | Crear | Villager (Male) |
| 18:44 | Construir | Farm |
| 18:45 | Construir | Farm |
| 18:46 | Crear | Archer |
| 18:55 | Crear | Archer |
| 18:58 | Construir | House |
| 18:58 | Construir | House |
| 19:05 | Crear | Archer |
| 19:10 | Crear | Archer |
| 19:24 | Construir | House |
| 19:32 | Crear | Villager (Male) |
| 19:37 | Construir | Market |
| 19:50 | Crear | Archer |
| 20:15 | Crear | Archer |
| 20:19 | Crear | Archer |
| 20:25 | Crear | Villager (Male) |
| 20:25 | Crear | Villager (Male) |
| 20:28 | Construir | Mining Camp |
| 20:32 | Crear | Archer |
| 20:32 | Crear | Archer |
| 20:46 | Construir | House |
| 20:47 | Construir | House |
| 20:49 | Construir | House |
| 20:52 | Construir | House |
| 21:06 | Crear | Villager (Male) |
| 21:17 | Crear | Archer |
| 22:07 | Crear | Villager (Male) |
| 22:23 | Construir | Farm |
| 22:54 | Construir | Farm |
| 23:10 | Investigar | Castle Age |
| 23:10 | Investigar | Castle Age |
| 23:12 | Crear | Archer |
| 23:13 | Crear | Archer |
| 23:23 | Crear | Archer |
| 23:32 | Investigar | Horse Collar |
| 23:34 | Crear | Archer |
| 23:39 | Construir | Farm |
| 23:42 | Construir | Farm |
| 23:44 | Crear | Archer |
| 23:55 | Investigar | Padded Archer Armor |
Build order — avlid
Primeras 150 de 291 acciones detectadas
| 0:00 | Crear | Villager (Male) |
| 0:00 | Crear | Villager (Male) |
| 0:02 | Construir | House |
| 0:03 | Construir | House |
| 0:12 | Crear | Villager (Male) |
| 0:12 | Crear | Villager (Male) |
| 1:32 | Crear | Villager (Male) |
| 1:51 | Construir | Mule Cart |
| 1:58 | Crear | Villager (Male) |
| 1:58 | Crear | Villager (Male) |
| 2:29 | Crear | Villager (Male) |
| 2:29 | Crear | Villager (Male) |
| 2:54 | Crear | Villager (Male) |
| 2:54 | Crear | Villager (Male) |
| 2:58 | Construir | House |
| 3:13 | Crear | Villager (Male) |
| 3:14 | Crear | Villager (Male) |
| 3:41 | Crear | Villager (Male) |
| 4:06 | Crear | Villager (Male) |
| 4:06 | Crear | Villager (Male) |
| 4:16 | Construir | Barracks |
| 4:54 | Crear | Villager (Male) |
| 4:58 | Crear | Villager (Male) |
| 5:04 | Construir | House |
| 5:37 | Crear | Villager (Male) |
| 6:13 | Investigar | Loom |
| 6:44 | Crear | Villager (Male) |
| 7:03 | Investigar | Feudal Age |
| 7:16 | Crear | Militia |
| 7:16 | Crear | Militia |
| 7:18 | Construir | Mule Cart |
| 7:34 | Crear | Militia |
| 7:46 | Construir | House |
| 7:52 | Crear | Militia |
| 8:27 | Crear | Spearman |
| 8:50 | Crear | Villager (Male) |
| 9:19 | Edad | Edad Feudal |
| 9:19 | Investigar | Man-at-Arms (upgrade) |
| 9:19 | Investigar | Man-at-Arms (upgrade) |
| 9:22 | Construir | Archery Range |
| 9:27 | Construir | Mill |
| 9:39 | Crear | Villager (Male) |
| 10:11 | Crear | Villager (Male) |
| 10:34 | Construir | Watch Tower |
| 10:39 | Investigar | Arson |
| 10:44 | Crear | Archer |
| 10:46 | Crear | Spearman |
| 11:02 | Construir | Palisade Wall |
| 11:03 | Construir | Palisade Wall |
| 11:06 | Crear | Villager (Male) |
| 11:10 | Construir | Palisade Wall |
| 11:35 | Crear | Villager (Male) |
| 11:58 | Construir | Farm |
| 11:58 | Construir | Farm |
| 11:59 | Construir | Farm |
| 12:01 | Construir | Farm |
| 12:16 | Crear | Villager (Male) |
| 12:23 | Construir | House |
| 12:29 | Construir | Farm |
| 12:31 | Construir | Farm |
| 12:48 | Crear | Villager (Male) |
| 12:52 | Construir | House |
| 12:53 | Crear | Archer |
| 13:11 | Construir | House |
| 13:27 | Investigar | Double-Bit Axe |
| 13:34 | Crear | Villager (Male) |
| 13:36 | Construir | Farm |
| 13:39 | Crear | Spearman |
| 13:41 | Construir | House |
| 14:04 | Crear | Skirmisher |
| 14:11 | Construir | Palisade Wall |
| 14:11 | Construir | Palisade Wall |
| 14:11 | Construir | Palisade Wall |
| 14:18 | Construir | Mule Cart |
| 14:20 | Crear | Villager (Male) |
| 14:33 | Crear | Skirmisher |
| 14:43 | Crear | Spearman |
| 14:45 | Crear | Villager (Male) |
| 15:02 | Crear | Archer |
| 15:08 | Crear | Villager (Male) |
| 15:33 | Crear | Villager (Male) |
| 15:36 | Construir | Blacksmith |
| 15:54 | Crear | Villager (Male) |
| 15:58 | Crear | Spearman |
| 16:00 | Crear | Archer |
| 16:00 | Crear | Archer |
| 16:11 | Investigar | Fletching |
| 16:11 | Investigar | Fletching |
| 16:14 | Crear | Villager (Male) |
| 16:16 | Crear | Archer |
| 16:22 | Construir | Farm |
| 16:22 | Construir | Farm |
| 16:30 | Construir | House |
| 16:31 | Construir | House |
| 16:32 | Construir | Palisade Wall |
| 16:50 | Crear | Militia |
| 16:52 | Crear | Archer |
| 16:55 | Crear | Militia |
| 16:56 | Crear | Villager (Male) |
| 17:00 | Construir | Palisade Gate |
| 17:01 | Construir | Palisade Wall |
| 17:03 | Construir | Palisade Wall |
| 17:04 | Crear | Villager (Male) |
| 17:08 | Construir | Palisade Wall |
| 17:16 | Crear | Archer |
| 17:18 | Crear | Militia |
| 17:31 | Crear | Villager (Male) |
| 17:44 | Crear | Militia |
| 17:54 | Construir | House |
| 17:55 | Construir | House |
| 18:00 | Construir | House |
| 18:03 | Crear | Skirmisher |
| 18:04 | Crear | Militia |
| 18:11 | Crear | Skirmisher |
| 18:21 | Construir | Palisade Wall |
| 18:46 | Investigar | Long Swordsman (upgrade) |
| 19:02 | Crear | Skirmisher |
| 19:07 | Construir | House |
| 19:12 | Crear | Villager (Male) |
| 19:14 | Construir | Archery Range |
| 19:19 | Construir | Palisade Wall |
| 19:31 | Crear | Villager (Male) |
| 19:38 | Construir | Market |
| 19:40 | Construir | House |
| 19:42 | Construir | House |
| 19:44 | Crear | Skirmisher |
| 19:44 | Crear | Skirmisher |
| 19:49 | Construir | House |
| 19:51 | Construir | Palisade Wall |
| 19:53 | Crear | Skirmisher |
| 20:16 | Construir | Farm |
| 20:28 | Construir | House |
| 20:32 | Construir | House |
| 20:43 | Crear | Villager (Male) |
| 20:48 | Construir | Farm |
| 20:49 | Construir | Farm |
| 20:57 | Crear | Archer |
| 21:04 | Crear | Villager (Male) |
| 21:24 | Construir | House |
| 21:31 | Construir | House |
| 21:34 | Construir | House |
| 21:58 | Crear | Skirmisher |
| 22:19 | Construir | Farm |
| 22:29 | Construir | Farm |
| 22:29 | Construir | Farm |
| 22:30 | Construir | Farm |
| 22:40 | Construir | House |
| 22:40 | Construir | Palisade Wall |
| 22:41 | Construir | Palisade Wall |
| 22:44 | Crear | Villager (Male) |
Cronología de la partida
| 4:16 | avlid · first_building Barracks |
| 7:39 | _Riley_ · first_building Barracks |
| 7:44 | _Riley_ · wall_segment Palisade Wall x4 |
| 7:46 | _Riley_ · wall_segment Palisade Wall x4 |
| 7:47 | _Riley_ · wall_segment Palisade Wall x2 |
| 7:57 | _Riley_ · wall_segment Palisade Wall x4 |
| 7:58 | _Riley_ · wall_segment Palisade Wall x5 |
| 9:07 | _Riley_ · age_up feudal |
| 9:08 | _Riley_ · first_building Stable |
| 9:19 | avlid · age_up feudal |
| 9:22 | avlid · first_building Archery Range |
| 10:39 | _Riley_ · wall_segment Palisade Wall x1 |
| 10:40 | _Riley_ · wall_segment Palisade Wall x1 |
| 11:02 | avlid · wall_segment Palisade Wall x1 |
| 11:03 | avlid · wall_segment Palisade Wall x2 |
| 11:10 | avlid · wall_segment Palisade Wall x1 |
| 11:40 | _Riley_ · wall_segment Palisade Wall x1 |
| 11:41 | _Riley_ · wall_segment Palisade Wall x1 |
| 11:53 | _Riley_ · first_building Archery Range |
| 12:26 | _Riley_ · wall_segment Palisade Wall x1 |
| 12:29 | _Riley_ · wall_segment Palisade Wall x1 |
| 13:18 | _Riley_ · wall_segment Palisade Wall x1 |
| 14:11 | avlid · wall_segment Palisade Wall x1 |
| 14:11 | avlid · wall_segment Palisade Wall x1 |
| 14:11 | avlid · wall_segment Palisade Wall x2 |
| 16:32 | avlid · wall_segment Palisade Wall x3 |
| 17:01 | avlid · wall_segment Palisade Wall x3 |
| 17:03 | avlid · wall_segment Palisade Wall x6 |
| 17:08 | avlid · wall_segment Palisade Wall x8 |
| 18:21 | avlid · wall_segment Palisade Wall x1 |
| 19:19 | avlid · wall_segment Palisade Wall x1 |
| 19:51 | avlid · wall_segment Palisade Wall x1 |
| 22:07 | _Riley_ · first_market_buy 100 food |
| 22:40 | avlid · wall_segment Palisade Wall x1 |
| 22:41 | avlid · wall_segment Palisade Wall x1 |
| 22:46 | avlid · wall_segment Palisade Wall x1 |
| 22:49 | avlid · wall_segment Palisade Wall x15 |
| 23:05 | avlid · wall_segment Palisade Wall x3 |
| 23:13 | avlid · first_market_buy 100 food |
| 23:14 | avlid · first_market_sell 500 wood |
| 25:50 | _Riley_ · age_up castle |
| 26:18 | _Riley_ · first_market_sell 100 wood |
| 26:56 | _Riley_ · first_building Monastery |
| 27:03 | avlid · wall_segment Stone Wall x8 |
| 27:07 | avlid · wall_segment Stone Wall x1 |
| 28:46 | avlid · wall_segment Stone Wall x1 |
| 29:04 | avlid · wall_segment Stone Wall x4 |
| 29:36 | avlid · wall_segment Stone Wall x4 |
| 30:19 | avlid · wall_segment Stone Wall x3 |
| 33:33 | _Riley_ · first_building Castle |
| 33:59 | avlid · age_up castle |
| 34:02 | avlid · first_building Monastery |
| 37:40 | avlid · wall_segment Palisade Wall x1 |
| 37:41 | avlid · wall_segment Palisade Wall x2 |
| 37:44 | avlid · wall_segment Palisade Wall x1 |
| 37:46 | avlid · wall_segment Palisade Wall x1 |
| 38:00 | avlid · resign |
[ ANÁLISIS IA · 1 CRÉDITO ]
¿Qué pasó realmente en esta partida?
Wolo.gg analiza cada decisión: build order, eco, micro, errores típicos por bracket. Análisis personalizado por WhatsApp o Discord en 30 segundos.
Guía civ
Turcos
Perfil
Jugador #389998